 Dungeon Crawl Stone Soup version 0.17-a0-1069-g92ad481 (webtiles) character file.

2856 hornqvist the Cleaver (level 10, -1/70 HPs)
             Began as a Formicid Fighter on May 17, 2015.
             Was an Initiate of Gozag.
             Slain by an orc warrior
             ... wielding a +0 halberd
              (4 damage)
             ... in a bailey.
             The game lasted 00:06:43 (6483 turns).

hornqvist the Cleaver (Formicid Fighter)            Turns: 6483, Time: 00:06:44

Health: -1/70      AC: 11    Str: 29    XL:     10   Next: 4%
Magic:  10/10      EV: 13    Int: 13    God:    Gozag
Gold:   414        SH: 12    Dex: 15    Spells: 0 memorised, 9 levels left

rFire  + . .     SeeInvis +     C - +1 executioner's axe
rCold  . . .     Clarity  .     k - +1 chain mail
rNeg   . . .     SustAb   .     c - +0 shield
rPois  .         Gourm    .     (helmet unavailable)
rElec  .         Spirit   .     (no cloak)
rCorr  .         Warding  .     (no gloves)
rMut   .         Stasis   +     (no boots)
MR     +....                    (no amulet)
Stlth  ..........               x - ring of protection from fire
                                D - ring of teleportation (curse)

@: mighty, brilliant, agile, flying, somewhat resistant to hostile enchantments,
extremely unstealthy
A: permanent stasis, dig shafts and tunnels, four strong arms, antennae 3
a: Dig, Shaft Self, Potion Petition, Call Merchant, Bribe Branch, Renounce
Religion, Evoke Teleportation


You were in a bailey.
You worshipped Gozag.
Gozag was noncommittal.
You were not hungry.

You visited 2 branches of the dungeon, and saw 8 of its levels.
You also visited: Sewer and Bailey.

You collected 1073 gold pieces.
You spent 310 gold pieces at shops.
You paid 349 gold pieces to Gozag.

Inventory:

Hand weapons
 C - a +1 executioner's axe (weapon)
Armour
 b - a +0 scale mail
 c - a +0 shield (worn)
 k - a +1 chain mail (worn)
Jewellery
 l - an uncursed ring of protection from magic
 p - a +6 ring of intelligence
 x - a ring of protection from fire (right hand)
 D - a cursed ring of teleportation (left hand)
Magical devices
 a - a wand of draining (1)
 g - a wand of disintegration (13)
 G - a wand of polymorph (9)
Scrolls
 f - a scroll of remove curse
 h - 9 scrolls of identify
 o - 2 scrolls of immolation
 q - 2 scrolls of enchant armour
 v - a scroll of fear
 F - a scroll of brand weapon {unknown}
 H - a scroll of recharging
Potions
 d - 3 potions of might
 j - 2 potions of flight
 m - a potion of mutation {unknown}
 n - a potion of heal wounds {unknown}
 s - a potion of lignification {unknown}
 t - a potion of haste {unknown}
 u - 2 potions of magic {unknown}
 A - 4 potions of brilliance {unknown}
 E - a potion of resistance {unknown}
Books
 y - a book of Air

   Spells                             Type                      Level
   a - Shock                          Conjuration/Air              1
   b - Swiftness                      Charms/Air                   2
   c - Repel Missiles                 Charms/Air                   2
   d - Static Discharge               Conjuration/Air              3
   e - Lightning Bolt                 Conjuration/Air              5
 z - a book of Minor Magic

   Spells                             Type                      Level
   a - Magic Dart                     Conjuration                  1
   b - Blink                          Translocation                2
   c - Call Imp                       Summoning                    2
   d - Repel Missiles                 Charms/Air                   2
   e - Slow                           Hexes                        2
   f - Conjure Flame                  Conjuration/Fire             3
   g - Mephitic Cloud                 Conjuration/Poison/Air       3
 B - a book of Annihilations {highlevel, unknown}

   This book is beyond your current level of understanding.

   Spells                             Type                      Level
   a - Poison Arrow                   Conjuration/Poison           6
   b - Chain Lightning                Conjuration/Air              8
   c - Lehudib's Crystal Spear        Conjuration/Earth            8
   d - Glaciate                       Conjuration/Ice              9
   e - Fire Storm                     Conjuration/Fire             9
 I - a book of Hinderance

   Spells                             Type                      Level
   a - Confusing Touch                Hexes                        2
   b - Confuse                        Hexes                        3
   c - Gell's Gravitas                Hexes/Translocation          3
   d - Petrify                        Transmutation/Earth          4
   e - Metabolic Englaciation         Hexes/Ice                    5
Comestibles
 e - 2 bread rations
 r - 4 meat rations


   Skills:
 - Level 3.2 Fighting
 * Level 9.6 Axes
 + Level 7.9 Armour
 + Level 8.6 Shields


You had 9 spell levels left.
You didn't know any spells.

Dungeon Overview and Level Annotations

Branches:
Dungeon (7/15)             Temple (1/1) D:4

Altars:
Ashenzari
Cheibriados
Dithmenos
Elyvilon
Gozag
Makhleb
Nemelex Xobeh
Okawaru
Qazlal
Ru
Sif Muna
Trog
Vehumet
Xom
Zin

Shops:
D:5 (


Innate Abilities, Weirdness & Mutations

You are under a permanent stasis effect.
You can dig through walls and to a lower floor.
Your four strong arms can wield two-handed weapons with a shield.
You have a pair of large antennae on your head (SInv).


Message History

[c] - 900 gold - resistance, might, haste, invisibility and agility Purchase which effect?
You feel very mighty all of a sudden.
You feel more agile all of a sudden.
You feel clever all of a sudden. You block the orc's attack. x2
The orc barely misses you.
Your shield and chain mail prevent you from hitting the orc.
You slice the orc!!
You kill the orc!
You block the orc warrior's attack. The orc closely misses you.
The orc closely misses you.
The orc is distracted by the nearby gold.
You block the orc warrior's attack.
Unknown command.
The orc shouts!
You slash the orc!
You kill the orc!
The orc warrior hits you from afar with a halberd.
You die...
Your body crumbles into a pile of gold.

##..∩..##
#.......#
#∩.....∩#
#.......#
#.......#
#.......#
#..$.$..#
#..$$$..#
#.o$@$o.#
#..$$...#
#.......#
##.....##
###+###
$$$ $$$


You could see an orc warrior and an orc.

Vanquished Creatures
  A cyclops (D:6)
  Sigmund (D:5)
  Eustachio (D:6)
  Menkaure (D:6)
  2 water moccasins
  2 ice beasts
  2 phantoms
  2 ogres
  Blork the orc (D:6)
  2 centaurs
  A giant frog (Sewer)
  2 scorpions (D:5)
  2 crimson imps (D:5)
  6 hounds
  3 jellies (D:6)
  2 giant frog zombies
  2 iguanas
  A centaur skeleton (D:7)
  An orc priest (D:3)
  4 worker ants
  4 orc wizards
  A worker ant zombie (D:6)
  2 river rats (D:5)
  10 adders
  2 oozes
  A worm (D:4)
  7 giant geckos
  28 orcs
  5 ball pythons
  11 bats
  A bat skeleton (D:6)
  A bat zombie (D:6)
  11 giant cockroaches
  11 goblins
  10 hobgoblins
  A giant gecko skeleton (D:5)
  A giant gecko zombie (D:5)
  12 giant newts
  11 kobolds
  2 quokkas
  19 rats
190 creatures vanquished.

Notes
Turn   | Place    | Note
--------------------------------------------------------------
     0 | D:1      | hornqvist the Formicid Fighter began the quest for the Orb.
     0 | D:1      | Reached XP level 1. HP: 18/18 MP: 1/1
    52 | D:1      | Reached skill level 4 in Shields
    54 | D:1      | Reached XP level 2. HP: 20/24 MP: 2/2
   606 | D:1      | Reached XP level 3. HP: 24/29 MP: 3/3
   914 | D:2      | Reached XP level 4. HP: 35/35 MP: 4/4
  1290 | D:3      | Found a shattered altar of Ashenzari.
  1399 | D:3      | Reached XP level 5. HP: 33/41 MP: 5/5
  1573 | D:3      | Found a shimmering altar of Xom.
  2107 | D:4      | Reached skill level 5 in Shields
  2107 | D:4      | Reached XP level 6. HP: 43/47 MP: 6/6
  2190 | D:4      | Noticed an ogre
  2197 | D:4      | Killed an ogre
  2197 | D:4      | Reached skill level 5 in Axes
  2332 | D:4      | Found a staircase to the Ecumenical Temple.
  2418 | Temple   | Entered the Ecumenical Temple
  2439 | Temple   | Became a worshipper of Gozag Ym Sagoz the Greedy
  2500 | D:4      | Reached XP level 7. HP: 36/52 MP: 7/7
  3158 | D:5      | Entered Level 5 of the Dungeon
  3184 | D:5      | Found a glowing silver altar of Zin.
  3357 | D:5      | Reached skill level 5 in Armour
  3392 | D:5      | Found a glowing drain.
  3551 | Sewer    | Entered a sewer
  4112 | Sewer    | Reached skill level 6 in Axes
  4366 | D:5      | Noticed Sigmund
  4380 | D:5      | Killed Sigmund
  4380 | D:5      | Reached XP level 8. HP: 53/58 MP: 8/8
  4858 | D:5      | Reached skill level 7 in Axes
  4984 | D:5      | Found Kops's Antique Weapon Shop.
  4992 | D:5      | Bought an executioner's axe for 310 gold pieces
  5085 | D:6      | Noticed Blork the orc
  5092 | D:6      | Killed Blork the orc
  5273 | D:6      | Reached XP level 9. HP: 64/64 MP: 9/9
  5496 | D:6      | Reached skill level 8 in Axes
  5499 | D:6      | Noticed a cyclops
  5509 | D:6      | Killed a cyclops
  5518 | D:6      | Noticed Eustachio
  5523 | D:6      | Killed Eustachio
  5642 | D:6      | Reached skill level 9 in Axes
  5646 | D:6      | Noticed Menkaure
  5685 | D:6      | Killed Menkaure
  6290 | D:7      | Reached XP level 10. HP: 55/70 MP: 10/10
  6440 | D:7      | Found a flagged portal.
  6461 | Bailey   | Entered a bailey
  6480 | Bailey   | HP: 2/70 [orc warrior/halberd (9)]
  6483 | Bailey   | Slain by an orc warrior

Vault maps used:
D:1:      dpeg_arrival_ratfight
D:2:      nicolae_overflow_hidden_temple, hangedman_decor_slide_cut
D:3:      lemuel_round_altar, nicolae_ashenzari_panopticon, first_bread,
          grunt_ministairs_2
D:4:      minmay_temple_entry_poolview
D:5:      basic_altar, serial_shops, nicolae_shop_competitors_out_of_business,
          gup_sewer_entry_bowl, uniq_sigmund
D:6:      hangedman_cross_stitches, uniq_blork_the_orc, uniq_menkaure,
          uniq_eustachio
D:7:      enter_bailey_2, st_stairs_8, minivault_23
Temple:   circular_temple_13
Sewer:    sewer_frog_island_01
Bailey:   bailey_polearm_5, bailey

Action                   |  1- 3 |  4- 6 |  7- 9 | 10-12 || total
-------------------------+-------+-------+-------+-------++-------
Melee: War axe           |   122 |   179 |   249 |       ||   550
       Executioner's axe |       |       |   121 |    13 ||   134
Invok: Potion Petition   |       |       |     1 |     1 ||     2
 Abil: Dig               |       |       |     1 |       ||     1
  Use: Scroll            |       |       |    10 |       ||    10
       Potion            |       |       |     4 |     3 ||     7
 Stab: Invisible         |       |       |     1 |       ||     1
  Eat: Chunk             |       |     6 |       |       ||     6
       Bread ration      |       |       |     3 |     1 ||     4
